 Dungeon Crawl Stone Soup version 0.20-b1-24-gb21faa7 (webtiles) character file.

4706 Gorglomux the Grappler (level 10, -17/107 HPs)
             Began as a Troll Warper on May 25, 2017.
             Was a Follower of Makhleb.
             Demolished by a white ugly thing (33 damage)
             ... on level 8 of the Dungeon.
             The game lasted 00:07:43 (6933 turns).

Gorglomux the Grappler (Troll Warper)               Turns: 6933, Time: 00:07:43

Health: -17/107    AC:  8    Str: 21    XL:     10   Next: 21%
Magic:  10/10      EV: 10    Int:  9    God:    Makhleb [*.....]
Gold:   122        SH:  0    Dex: 12    Spells: 11/11 levels left

rFire    . . .     SeeInvis .     - Unarmed
rCold    . . .     Gourm    +   (no shield)
rNeg     + . .     Faith    .   a - +0 robe
rPois    .         Spirit   .   (helmet restricted)
rElec    .         Reflect  .   y - +2 cloak
rCorr    .         Harm     .   (gloves unavailable)
MR       .....                  (boots unavailable)
Stlth    +.........             (no amulet)
Regen    0.7/turn               (no ring)
MPRegen  0.2/turn               u - ring of positive energy

@: no status effects
A: unfitting armour, claws 3, fast metabolism 3, gourmand, regeneration 1,
shaggy fur 1, tough skin 2
a: Renounce Religion


You were on level 8 of the Dungeon.
You worshipped Makhleb.
Makhleb was aware of your devotion.
You were not hungry.

You visited 2 branches of the dungeon, and saw 9 of its levels.
You also visited: Sewer.

You collected 458 gold pieces.
You spent 336 gold pieces at shops.

Inventory:

Missiles
 d - 5 tomahawks of dispersal (quivered)
 Z - 2 throwing nets
Armour
 a - a +0 robe (worn)
 y - a +2 cloak (worn)
Jewellery
 g - an uncursed ring of resist corrosion
 u - a ring of positive energy (right claw)
Wands
 D - a wand of digging (10/24)
 I - a wand of iceblast (1/15)
 L - a wand of lightning (3/15)
Scrolls
 x - a scroll of amnesia {unknown}
 B - 3 scrolls of blinking
 C - 2 scrolls of noise
 F - 3 scrolls of remove curse {unknown}
 G - a scroll of random uselessness {unknown}
 H - a scroll of vulnerability {unknown}
 K - a scroll of immolation {unknown}
 M - 2 scrolls of enchant weapon {unknown}
 N - 2 scrolls of enchant armour {unknown}
 O - a scroll of torment {unknown}
 R - a scroll of identify
 T - 3 scrolls of teleportation
 U - 2 scrolls of recharging {unknown}
 V - a scroll of fear {unknown}
Potions
 t - a potion of agility {unknown}
 v - a potion of berserk rage {unknown}
 A - a potion of mutation {!q}
 E - 5 potions of might
 P - 3 potions of brilliance
 Q - a potion of ambrosia
 S - 3 potions of flight
 W - a potion of heal wounds {unknown}
 Y - 9 potions of curing {unknown}
Books
 b - a book of Spatial Translocations

   Spells                             Type                      Level
   a - Blink                          Translocation                2
   b - Shroud of Golubria             Charms/Translocation         2
   c - Lesser Beckoning               Translocation                3
   d - Gell's Gravitas                Translocation                3
   e - Teleport Other                 Translocation                3
   f - Passage of Golubria            Translocation                4
Comestibles
 f - 6 bread rations
 z - 7 meat rations
 J - 7 fruits
 X - 13 royal jellies


   Skills:
 + Level 9.1 Fighting
 - Level 0.8 Throwing
 - Level 1.9 Dodging
 + Level 10.8 Unarmed Combat
 - Level 1.2 Spellcasting
   Level 2.1 Translocations


You had 11 spell levels left.
You didn't know any spells.

Dungeon Overview and Level Annotations

Branches:
Dungeon (8/15)             Temple (1/1) D:6
   Lair: D:8-11

Altars:
Ashenzari
Cheibriados
Dithmenos
Elyvilon
Fedhas
Gozag
Hepliaklqana
Kikubaaqudgha
Makhleb
Nemelex Xobeh
Qazlal
Ru
Sif Muna
Trog
Uskayaw
Vehumet
Xom
Zin
The Shining One

Shops:
D:6 *


Innate Abilities, Weirdness & Mutations

You are too large for most types of armour.
You have claws for hands.
Your metabolism is lightning-fast.
You like to eat raw meat.
Your natural rate of healing is unusually fast.
You are covered in fur. (AC +1)
You have very tough skin. (AC +2)


Message History

The white ugly thing is heavily wounded.
The white ugly thing misses you.
You mangle the white ugly thing!!
The white ugly thing is almost dead.
You closely miss the white ugly thing.
The white ugly thing is almost dead.
The white ugly thing barely misses you.
You closely miss the white ugly thing.
The white ugly thing is almost dead.
The white ugly thing trunk-slaps you. The white ugly thing freezes you!
You closely miss the white ugly thing.
The white ugly thing is almost dead.
The white ugly thing trunk-slaps you! The white ugly thing freezes you!
* * * LOW HITPOINT WARNING * * *
You scratch the white ugly thing.
The white ugly thing is almost dead.
The white ugly thing trunk-slaps you!
* * * LOW HITPOINT WARNING * * *
The white ugly thing freezes you!!
You die...

..............#...#.
####..........#.....
####.#.......##.....
...#.#...#........# #
.....#...#........#.#####
...........#......#......
......#..##.......#......
......#..##.....#........
.........##...#?@........
.................u...#..
.......#####.........#
.............>.......#
(..#....####......###.#
####....# #.......## .#
..## #........# # #
#.........[..♣
#........####.


You could see a white ugly thing.

Vanquished Creatures
  A two-headed ogre (D:8)
  The ghost of FakerFangirl the Basher, a novice DrFi (D:6)
  A hornet (D:8)
  Grinder (D:2)
  A wraith (D:6)
  Menkaure (D:7)
  A soldier ant (D:8)
  The ghost of adept the Digger, an amateur GrEE (D:3)
  Duvessa (D:7)
  A black bear (D:7)
  A sky beast (D:7)
  An ogre (D:5)
  An ice beast (D:8)
  3 centaurs
  2 phantoms
  3 bullfrogs
  4 big kobolds
  A gnoll sergeant (D:6)
  Dowan (D:7)
  2 scorpions
  A bullfrog zombie (D:5)
  A crimson imp (D:6)
  A quasit (D:7)
  A jelly (D:5)
  2 hounds
  2 orc priests
  Crazy Yiuf (D:7)
  A centaur skeleton (D:8)
  3 iguanas
  Ijyb (D:4)
  3 orc wizards
  10 worker ants
  A worker ant zombie (D:7)
  12 adders
  9 gnolls (D:6)
  A howler monkey skeleton (D:8)
  6 river rats (Sewer)
  A shadow imp (D:7)
  An adder zombie (D:6)
  2 adder skeletons
  3 worms
  A dart slug (D:2)
  3 leopard geckos
  24 orcs
  7 ball pythons
  10 giant cockroaches
  9 hobgoblins
  9 jackals
  26 kobolds
  A quokka (D:7)
  8 bats
  4 frilled lizards
  13 goblins
  A leopard gecko skeleton (D:4)
  2 leopard gecko zombies
  A quokka skeleton (D:4)
  24 rats
  A plant (D:6)
236 creatures vanquished.

Notes
Turn   | Place    | Note
-------+----------+-------------------------------------------
     0 | D:1      | Gorglomux the Troll Warper began the quest for the Orb.
     0 | D:1      | Reached XP level 1. HP: 19/19 MP: 1/1
   127 | D:1      | Reached XP level 2. HP: 28/28 MP: 2/2
   397 | D:1      | Found a sparkling altar of Nemelex Xobeh.
   524 | D:2      | Reached XP level 3. HP: 30/36 MP: 3/3
   595 | D:2      | Reached skill level 3 in Unarmed Combat
   681 | D:2      | Found an opulent altar of Gozag.
  1042 | D:3      | Reached XP level 4. HP: 39/44 MP: 4/4
  1081 | D:3      | Found a shattered altar of Ashenzari.
  1089 | D:3      | Noticed adept's ghost (amateur GrEE)
  1097 | D:3      | Killed adept's ghost
  1097 | D:3      | Reached skill level 3 in Fighting
  1097 | D:3      | Reached skill level 4 in Unarmed Combat
  1097 | D:3      | Reached XP level 5. HP: 41/53 MP: 5/5
  1235 | D:3      | Reached XP level 6. HP: 24/62 MP: 6/6
  1486 | D:3      | Found an ancient bone altar of Kikubaaqudgha.
  1517 | D:3      | Noticed Grinder
  1531 | D:2      | Killed Grinder
  1531 | D:2      | Reached skill level 5 in Unarmed Combat
  1536 | D:3      | Found a stormy altar of Qazlal.
  1678 | D:3      | Found a glowing silver altar of Zin.
  1679 | D:3      | Noticed an angel
  1828 | D:4      | Found a glowing drain.
  1839 | D:4      | Reached XP level 7. HP: 58/71 MP: 7/7
  1866 | Sewer    | Entered a sewer
  2133 | Sewer    | Reached skill level 6 in Unarmed Combat
  2782 | D:4      | Noticed Ijyb
  2788 | D:4      | Killed Ijyb
  2962 | D:4      | Reached XP level 8. HP: 81/81 MP: 8/8
  3043 | D:4      | Reached skill level 7 in Unarmed Combat
  3234 | D:5      | Entered Level 5 of the Dungeon
  3464 | D:5      | Reached skill level 6 in Fighting
  3714 | D:5      | Found a hazy altar of Hepliaklqana.
  3997 | D:5      | Found a shimmering altar of Xom.
  4281 | D:6      | Reached skill level 8 in Unarmed Combat
  4500 | D:6      | Reached XP level 9. HP: 51/93 MP: 9/9
  4610 | D:6      | Found Gusuh's Assorted Antiques.
  4617 | D:6      | Found a staircase to the Ecumenical Temple.
  4619 | D:6      | Bought a scroll labeled VUGHIS GARCHOH for 32 gold pieces
  4619 | D:6      | Bought a scroll labeled VUGHIS GARCHOH for 32 gold pieces
  4619 | D:6      | Bought a scroll labeled MAQUOL OTRITZ for 32 gold pieces
  4619 | D:6      | Bought a scroll of blinking for 240 gold pieces
  4634 | Temple   | Entered the Ecumenical Temple
  4785 | Temple   | Became a worshipper of Makhleb the Destroyer
  4881 | D:6      | Noticed FakerFangirl's ghost (novice DrFi)
  4891 | D:6      | Killed FakerFangirl's ghost
  4891 | D:6      | Reached skill level 9 in Unarmed Combat
  5364 | D:7      | Found a runed door.
  5368 | D:7      | Noticed Crazy Yiuf
  5372 | D:7      | Killed Crazy Yiuf
  5672 | D:7      | Found a snail-covered altar of Cheibriados.
  5779 | D:7      | Noticed Menkaure
  5783 | D:7      | Killed Menkaure
  6227 | D:7      | Noticed Dowan
  6228 | D:7      | Noticed Duvessa
  6232 | D:7      | Killed Duvessa
  6235 | D:7      | Killed Dowan
  6235 | D:7      | Reached skill level 10 in Unarmed Combat
  6365 | D:8      | Reached * piety under Makhleb
  6534 | D:8      | Paralysed by a hornet for 2 turns
  6544 | D:8      | Reached XP level 10. HP: 61/106 MP: 10/10
  6819 | D:8      | Noticed a two-headed ogre
  6844 | D:8      | Killed a two-headed ogre
  6844 | D:8      | Reached skill level 9 in Fighting
  6914 | D:8      | Noticed a white ugly thing
  6933 | D:8      | Demolished by a white ugly thing

Skill      XL: |  1  2  3  4  5  6  7  8  9 10 |
---------------+-------------------------------+-----
Fighting       | 2 3 4 5 7 8 9 |  9.1
Unarmed Combat | 3 4 5 6 8 10 | 10.8
Throwing       | |  0.8
Dodging        | |  1.9
Spellcasting   | |  1.2
Translocations | |  2.1

Action                   |  1- 3 |  4- 6 |  7- 9 | 10-12 || total
-------------------------+-------+-------+-------+-------++-------
Melee: Unarmed           |   137 |    73 |   444 |    26 ||   680
       Punch             |     1 |     3 |    19 |     1 ||    24
Evoke: Wand              |       |       |       |     2 ||     2
  Use: Scroll            |       |       |     9 |     1 ||    10
       Potion            |       |       |     1 |       ||     1
 Stab: Sleeping          |     1 |     1 |     2 |       ||     4
       Distracted        |       |       |     1 |       ||     1
  Eat: Chunk             |    15 |     7 |    43 |       ||    65
Armor: Robe              |    70 |    26 |   172 |     7 ||   275
       Skin              |       |       |     7 |       ||     7
Dodge: Dodged            |    72 |    30 |   263 |    13 ||   378
